Map: Acropolis LE

Players

Elazer - Winner!

  • Race: Zerg Zerg
  • League: Grandmaster
  • Spawn Location: 5:00

HateMe

  • Race: Zerg Zerg
  • League: Master
  • Spawn Location: 11:00

Event: HomeStory Cup XIX

VOD

Have the link to the VOD?

Description

Time

  • Played on: June 28, 2019, 6:36 a.m.
  • Length: 9:38

All games in this series

Show
View Real Time Build Order
Export as new Build Order

Elazer Zerg - Winner!

Build Orders: Hatch First 

Get SALT Encoding   

  12  0:00  Drone  
  13  0:12  Overlord  
  13  0:16  Drone  
  14  0:30  Drone x2  
  16  0:47  Hatchery  
  15  0:50  Drone  
  15  0:53  Drone  
  17  0:57  Drone  
  18  1:07  Extractor  
  17  1:12  Spawning Pool  
  17  1:15  Drone  
  17  1:18  Drone  
  18  1:27  Drone  
  19  1:38  Drone  
  20  1:49  Drone  
  21  1:59  Queen x2, Overlord  
  21  2:00  Drone  
  26  2:08  Metabolic Boost  
  26  2:10  Zergling x2, Drone  
  28  2:20  Drone  
  28  2:21  Drone  
  30  2:31  Zergling x2  
  30  2:32  Zergling x2  
  32  2:37  Hatchery  
  32  2:42  Overlord  
  32  2:44  Drone  
  32  2:57  Drone  
  32  2:58  Drone  
  34  3:04  Drone x2  
  36  3:07  Zergling x6  
  36  3:08  Zergling x2  
  36  3:09  Zergling x4  
  42  3:15  Queen  
  42  3:17  Overlord  
  44  3:24  Baneling Nest  
  44  3:26  Drone  
  44  3:36  Zergling x4  
  46  3:46  Drone x6  
  48  3:51  Drone  
  47  4:00  Drone x2  
  47  4:02  Drone  
  49  4:05  Evolution Chamber  
  48  4:10  Baneling x3  
  48  4:11  Queen  
  48  4:14  Drone x2, Overlord  
  52  4:22  Zergling x4  
  52  4:23  Drone x4  
  58  4:30  Drone  
  57  4:33  Zergling x4  
  57  4:37  Zerg Missile Weapons Level 1  
  57  4:38  Overlord  
  59  4:39  Lair  
  59  4:40  Drone x2  
  59  4:43  Baneling  
  61  4:48  Drone x4  
  65  4:54  Extractor  
  65  4:55  Overlord, Roach Warren  
  65  4:56  Drone x3, Extractor  
  65  4:57  Drone x2  
  67  5:03  Drone x2  
  67  5:05  Overlord  
  69  5:09  Overlord  
  69  5:10  Drone  
  69  5:12  Extractor  
  69  5:16  Extractor  
  69  5:17  Drone  
  69  5:20  Overlord  
  69  5:22  Drone  
  69  5:23  Drone  
  69  5:25  Drone x3, Overlord  
  69  5:28  Overlord  
  74  5:32  Overlord  
  74  5:36  Glial Reconstitution, Roach x5  
  74  5:40  Overlord  
  84  5:50  Roach x2  
  84  5:52  Overlord  
  84  5:55  Roach  
  90  5:58  Hatchery  
  90  6:00  Overlord  
  90  6:01  Roach x3  
  94  6:14  Roach x7  
  108  6:22  Overlord, Nydus Network  
  108  6:23  Roach x2  
  111  6:26  Roach x2  
  111  6:29  Overlord  
  111  6:32  Roach  
  117  6:36  Roach x3  
  117  6:39  Roach  
  127  6:40  Roach  
  127  6:43  Roach  
  127  6:46  Roach x2  
  133  6:53  Roach x4  
  141  6:59  Roach x3  
  146  7:03  Roach x3  
  146  7:07  Overlord  
  150  7:09  Nydus Canal  
  150  7:11  Roach x2  
  153  7:16  Roach x2  
  153  7:17  Roach x2  
  153  7:21  Roach x2  
  165  7:24  Roach  
  165  7:25  Roach  
  165  7:27  Roach  
  171  7:32  Roach  
  171  7:36  Roach x2  
  167  7:41  Roach  
  167  7:42  Roach x4  
  160  7:45  Nydus Canal  
  160  7:46  Roach x2  
  160  7:50  Roach  
  158  7:53  Roach x2  
  160  7:59  Nydus Canal  
  160  8:00  Roach x3  
  160  8:04  Roach  
  160  8:05  Roach x2  
  138  8:14  Roach x2  
  138  8:17  Nydus Canal  
  138  8:19  Roach  
  138  8:23  Roach x4  
  138  8:25  Roach  
  135  8:29  Roach x2  
  135  8:33  Roach x2  
  139  8:37  Roach x2  
  139  8:39  Roach  
  141  8:47  Roach x3  
  145  8:52  Roach  
  145  8:53  Roach x2  
  145  8:55  Roach  
  145  8:58  Nydus Canal  
  145  9:02  Roach x2  
  139  9:04  Roach  
  139  9:07  Roach x2  
  139  9:08  Roach  
  131  9:11  Roach  
  131  9:13  Roach  
  131  9:18  Nydus Canal  
  131  9:20  Drone x8  
  143  9:33  Nydus Canal  
Show
View Real Time Build Order
Export as new Build Order

HateMe Zerg 

Build Orders: Hatch First 

Get SALT Encoding   

  12  0:00  Drone  
  13  0:12  Overlord  
  13  0:17  Drone  
  14  0:31  Drone x2  
  16  0:47  Hatchery  
  15  0:51  Drone  
  15  0:54  Drone  
  17  0:58  Drone  
  18  1:08  Extractor  
  17  1:13  Spawning Pool  
  17  1:15  Drone  
  17  1:19  Drone  
  18  1:28  Drone  
  19  1:39  Drone  
  20  1:49  Overlord  
  20  1:59  Queen  
  20  2:00  Zergling x2, Queen  
  20  2:01  Zergling x2  
  26  2:10  Drone  
  26  2:11  Metabolic Boost, Drone  
  28  2:20  Drone  
  28  2:21  Drone  
  30  2:32  Hatchery  
  30  2:36  Drone  
  30  2:39  Drone  
  31  2:46  Baneling Nest  
  30  2:52  Overlord  
  30  2:53  Zergling x4  
  31  2:58  Zergling x2  
  32  3:05  Zergling x4  
  32  3:08  Zergling x2, Overlord  
  32  3:11  Drone  
  32  3:12  Drone  
  37  3:14  Drone  
  37  3:16  Drone  
  37  3:19  Drone  
  40  3:22  Drone  
  41  3:28  Drone  
  42  3:37  Zergling x2  
  42  3:38  Baneling x2  
  43  3:41  Zergling x2  
  43  3:42  Zergling x10  
  47  3:49  Queen  
  47  3:54  Overlord  
  46  3:55  Drone  
  46  3:56  Drone x2  
  46  3:57  Drone  
  46  3:59  Drone  
  51  4:07  Roach Warren  
  51  4:09  Drone  
  51  4:10  Evolution Chamber  
  51  4:16  Baneling  
  50  4:17  Overlord  
  50  4:20  Drone x4  
  50  4:21  Drone  
  50  4:23  Drone  
  55  4:25  Drone  
  55  4:28  Drone x2  
  55  4:30  Drone  
  55  4:34  Drone x2  
  55  4:36  Zerg Missile Weapons Level 1  
  57  4:39  Extractor  
  57  4:40  Extractor  
  57  4:41  Drone  
  57  4:43  Overlord  
  57  4:44  Drone x2  
  58  4:50  Drone x4  
  62  4:55  Lair  
  62  5:02  Drone  
  62  5:03  Drone x5  
  62  5:04  Drone x2  
  70  5:09  Overlord  
  70  5:18  Extractor, Overlord  
  70  5:19  Extractor, Overlord  
  67  5:22  Zergling x12  
  67  5:27  Overlord  
  73  5:29  Zergling x4  
  75  5:49  Overlord  
  75  5:50  Overlord x2  
  75  5:53  Extractor  
  74  5:59  Glial Reconstitution, Nydus Network  
  73  6:05  Roach x10  
  73  6:10  Roach x5  
  104  6:20  Overlord  
  104  6:21  Roach x6  
  116  6:29  Overlord  
  116  6:32  Roach x2  
  119  6:42  Overlord  
  119  6:43  Roach x2  
  119  6:46  Overlord  
  123  6:47  Roach  
  123  6:48  Roach x3  
  123  6:51  Roach x3  
  123  6:53  Roach  
  139  7:03  Nydus Canal  
  132  7:10  Drone x5  
  132  7:11  Drone x2  
  132  7:13  Zerg Missile Weapons Level 2  
  135  7:16  Roach x4  
  135  7:22  Roach x2  
  147  7:26  Roach x3  
  153  7:32  Roach x4  
  154  7:39  Nydus Canal  
  154  7:41  Roach x3  
  143  7:49  Roach x3  
  147  7:55  Roach x4  
  151  8:02  Nydus Canal  
  151  8:04  Queen, Roach x2  
  141  8:06  Queen  
  133  8:13  Roach x5  
  133  8:17  Roach  
  135  8:21  Roach x2  
  135  8:25  Roach  
  125  8:27  Nydus Canal  
  125  8:33  Roach x2  
  125  8:37  Roach x3  
  125  8:40  Nydus Canal  
  121  8:48  Roach x3  
  121  8:53  Nydus Canal  
  121  8:54  Roach x2  
  113  8:59  Roach  
  101  9:03  Roach x2  
  101  9:07  Nydus Canal  
  95  9:13  Roach x2  
  94  9:18  Roach x6  
Tags
 
Add a new tag
Caveats
  • Supply blocks, unpowered buildings, or Contaminate may cause inaccurate times.
  • Supply counts are checked every 10 seconds.